 Dungeon Sprint DCSS version 0.28-a0-407-g69098e2f6d (webtiles) character file.

Game seed: 18224378085542246343

628 Zeld the Cleaver (level 7, 0/75 HPs)
             Began as a Deep Dwarf Fighter on Sept 5, 2021.
             Was an Initiate of Makhleb.
             Slain by Sonja (6 damage)
             ... in the Dungeon (Sprint I: "Red Sonja").
             The game lasted 00:01:30 (683 turns).

Zeld the Cleaver (Deep Dwarf Fighter)                Turns: 683, Time: 00:01:31

Health: 0/75       AC:  8    Str: 22    XL:     7   Next: 23%
Magic:  5/5        EV: 12    Int:  8    God:    Makhleb [......]
Gold:   309        SH:  5    Dex: 12    Spells: 6/6 levels left

rFire   . . .      SeeInvis .   a - +0 war axe
rCold   . . .      Faith    .   c - +0 buckler
rNeg    . . .      Spirit   .   b - +0 scale mail
rPois   .          Reflect  .   (no helmet)
rElec   .          Harm     .   (no cloak)
rCorr   .          Rampage  .   (no gloves)
Will    +....      NoTele   +   (no boots)
Stlth   ..........              (no amulet)
HPRegen 0.00/turn               (no ring)
MPRegen 0.09/turn               (no ring)

@: no status effects
A: damage resistance, heal wounds, sense surroundings 1, no regeneration
a: Heal Wounds, Renounce Religion


You were in the Dungeon.
You worshipped Makhleb.
Makhleb was noncommittal.
You visited 1 branch You collected 309 gold pieces.

Inventory:

Hand Weapons
 a - a +0 war axe (weapon)
Armour
 b - a +0 scale mail (worn)
 c - a +0 buckler (worn)
Wands
 i - a wand of digging (8)
Scrolls
 j - a scroll of blinking
 k - a scroll of enchant armour {unknown}
Potions
 d - a potion of might
 e - a potion of curing
 f - a potion of heal wounds
 g - a potion of haste
 h - 2 potions of magic


   Skills:
 * Level 8.8 Fighting
 * Level 10.1 Axes
 + Level 7.6 Armour
 + Level 6.7 Dodging
 - Level 4.0 Shields


You had 6 spell levels left.
You didn't know any spells.
Your spell library was empty.

Dungeon Overview and Level Annotations

Branches:
Dungeon (1/1)

Altars:
Cheibriados
Dithmenos
Elyvilon
Fedhas
Gozag
Hepliaklqana
Kikubaaqudgha
Makhleb
Nemelex Xobeh
Okawaru
Qazlal
Ru
Sif Muna
Trog
Uskayaw
Vehumet
Wu Jian
Xom
Yredelemnul
Zin
The Shining One
Jiyva
Lugonu

Shops:
D :

Annotations:
D Sonja


Innate Abilities, Weirdness & Mutations

You are resistant to damage.
You can heal yourself by infusing magical energy.
You passively map a small area around you.
You do not regenerate.


Message History

k - a scroll labelled KUUJOE VIEMO
There is an open door here.
You open the door.
Sonja, the Graceful Assassin comes into view.
She is wielding a +2 dagger of distortion and quivering curare-tipped darts.
Sonja shouts!
Found 108 gold pieces.
You feel much better.
You fail to use your ability.
Sonja hits you with a +2 dagger of distortion.
Space warps horribly around you! You block Sonja's attack.
Sonja hits you with a +2 dagger of distortion.
Space bends around you.
Unknown command.
You feel much better.
Sonja gestures wildly while chanting.
Sonja blinks!
Sonja twirls her cape.
Sonja throws a curare-tipped dart.
The curare-tipped dart closely misses you.
You completely miss Sonja.
Sonja hits you with a +2 dagger of distortion.
Sonja hits you but does no damage. Space bends around you.
Sonja hits you but does no damage.
You completely miss Sonja.
Sonja hits you with a +2 dagger of distortion!
Space warps horribly around you. You block Sonja's attack.
Sonja hits you with a +2 dagger of distortion.
You miss Sonja. Sonja misses you. You block Sonja's attack. x2
Sonja hits you but does no damage. Space warps horribly around you!
Sonja hits you with a +2 dagger of distortion.
Space bends around you. Sonja hits you but does no damage.
Space warps horribly around you!
You barely miss Sonja.
Sonja hits you with a +2 dagger of distortion.
Space warps horribly around you!
* * * LOW HITPOINT WARNING * * *
Sonja hits you but does no damage. Space warps horribly around you!
* * * LOW HITPOINT WARNING * * *
Sonja hits you but does no damage. Space bends around you!
You die...

###################
*
#<.#..)..#..'..#__#
+ *
#..').#..').#..'..+,
#..#####'#####'#__#
*
#..####..#...#.####
* #..#__####..##)#
#..#_____##K#_.+≈ ,
#⌠⌠#_.∩...'@.._# ≈
####_..__##_.#'#
#_____###'#.# , *
####### #.###* * ,
,, $.$+ , , ∩ + $.$#
* ** ,, * ##.## , ,,
#+#, ,, , * *


You could see Sonja.

Vanquished Creatures
  A slime creature (D)
  Sigmund (D)
  A yak (D)
  An ogre (D)
  A jelly (D)
  Ijyb (D)
6 creatures vanquished.

Notes
Turn   | Place    | Note
-------+----------+-------------------------------------------
     0 | D        | Zeld the Deep Dwarf Fighter began the quest for the Orb.
     0 | D        | Reached XP level 1. HP: 20/20 MP: 1/1
     2 | D        | Noticed Ijyb
    10 | D        | Killed Ijyb
    11 | D        | Reached skill level 3 in Axes
    11 | D        | Reached XP level 2. HP: 30/30 MP: 2/2
   146 | D        | Noticed an ogre
   156 | D        | Killed an ogre
   157 | D        | Reached skill level 5 in Fighting
   157 | D        | Reached skill level 6 in Axes
   157 | D        | Reached skill level 5 in Armour
   157 | D        | Reached XP level 3. HP: 39/39 MP: 2/2
   157 | D        | Reached XP level 4. HP: 46/46 MP: 3/3
   170 | D        | Noticed Sigmund
   189 | D        | Killed Sigmund
   190 | D        | Reached skill level 8 in Axes
   190 | D        | Reached skill level 5 in Dodging
   190 | D        | Reached XP level 5. HP: 28/57 MP: 4/4
   303 | D        | Found an ornate altar of the Wu Jian Council.
   303 | D        | Found a shimmering blue altar of Sif Muna.
   305 | D        | Found a radiant altar of Vehumet.
   309 | D        | Reached XP level 6. HP: 33/66 MP: 5/5
   433 | D        | Found a burning altar of Makhleb.
   433 | D        | Found a viscous altar of Jiyva.
   433 | D        | Found a shimmering altar of Xom.
   433 | D        | Found a corrupted altar of Lugonu.
   433 | D        | Noticed a slime creature
   436 | D        | Became a worshipper of Makhleb the Destroyer
   452 | D        | Killed a slime creature
   453 | D        | Reached skill level 9 in Axes
   648 | D        | Found Rokatsash's Book Emporium.
   648 | D        | Found an ancient bone altar of Kikubaaqudgha.
   648 | D        | Found a hazy altar of Hepliaklqana.
   648 | D        | Found a stormy altar of Qazlal.
   648 | D        | Found a hide-covered altar of Uskayaw.
   648 | D        | Found a blossoming altar of Fedhas.
   648 | D        | Found a bloodstained altar of Trog.
   648 | D        | Found an iron altar of Okawaru.
   648 | D        | Found a basalt altar of Yredelemnul.
   648 | D        | Found a glowing golden altar of the Shining One.
   648 | D        | Found a snail-covered altar of Cheibriados.
   648 | D        | Found a sacrificial altar of Ru.
   648 | D        | Found a glowing silver altar of Zin.
   648 | D        | Found a shadowy altar of Dithmenos.
   648 | D        | Found a white marble altar of Elyvilon.
   648 | D        | Noticed a yak
   653 | D        | Killed a yak
   654 | D        | Reached skill level 10 in Axes
   654 | D        | Reached XP level 7. HP: 37/75 MP: 5/5
   654 | D        | Found an opulent altar of Gozag.
   655 | D        | Found a sparkling altar of Nemelex Xobeh.
   674 | D        | Noticed Sonja
   683 | D        | Slain by Sonja

Illustrated notes

Levels and vault maps discovered:
D:        dungeon_sprint_1 [red_sonja_temple_1, red_sonja_temple_small_1]

Skill      XL: |  1  2  3  4  5  6 |
---------------+-------------------+-----
Fighting       | 3 5 7 8 |  8.8
Axes           | 3 6 8 10 | 10.1
Armour         | 4 5 6 7 |  7.6
Dodging        | 2 3 5 6 |  6.7
Shields        | 4 |  4.0

Action                   |  1- 3 |  4- 6 |  7- 9 || total
-------------------------+-------+-------+-------++-------
Melee: War axe           |    12 |    33 |     4 ||    49
 Abil: Heal Wounds       |     2 |     3 |     2 ||     7
  Use: Potion            |     1 |       |       ||     1
Armor: Scale mail        |     2 |     6 |     6 ||    14
Dodge: Dodged            |     2 |    11 |     2 ||    15
Block: Buckler           |     2 |     6 |     4 ||    12

Table legend: (Time is in decaauts)
 A = Elapsed time spent in this place.
 B = Non-inter-level travel time spent in this place.
 C = Inter-level travel time spent in this place.
 D = Time resting spent in this place.
 E = Time spent auto-exploring this place.
 F = Levels seen in this place.
 G = Mean time per level.
                   A        B        C        D        E       F      G
               +--------+--------+--------+--------+--------+-----+--------+
         Total |    698 |    698 |      0 |    537 |      0 |   1 |  698.0 |
       Dungeon |    698 |    698 |      0 |    537 |      0 |   1 |  698.0 |
               +--------+--------+--------+--------+--------+-----+--------+

Top non-repeatable levels by time:
       D: 698 daAuts
